 Dungeon Crawl Stone Soup version 0.30-a0-920-g7493c07aab (webtiles) character file.

Game seed: 15785757158969711547

58 jasper the Trooper (level 3, -5/29 HPs)
             Began as a Mummy Fighter on Mar 21, 2023.
             Was a Follower of Fedhas.
             Killed from afar by an orc wizard (9 damage)
             ... with a magic dart
             ... on level 2 of the Dungeon.
             The game lasted 00:02:44 (1557 turns).

jasper the Trooper (Mummy Fighter)                  Turns: 1557, Time: 00:02:44

Health: -5/29      AC:  6    Str: 21    XL:     3   Next: 76%
Magic:  3/3        EV:  9    Int:  7    God:    Fedhas [*.....]
Gold:   126        SH:  5    Dex: 11    Spells: 2/2 levels left

rFire   x . .      SeeInvis .    a - +0 war axe
rCold   + . .      Faith    +    c - +1 buckler
rNeg    + + +      Spirit   .    b - +0 scale mail
rPois   ∞          Reflect  .    (no helmet)
rElec   .          Rampage  .    (no cloak)
rCorr   .                        (no gloves)
Will    .....                    (no boots) Stlth
                                 (no amulet)
HPRegen 0.24/turn                (no ring)
MPRegen 0.08/turn                (no ring)

@: no status effects
A: cold resistance 1, negative energy resistance 3, torment resistance 2, heat
vulnerability 1, in touch with death 1, no potions, faith
a: Renounce Religion


You were on level 2 of the Dungeon.
You worshipped Fedhas.
Fedhas was aware of your devotion.
You visited 1 branch of the dungeon, and saw 3 of its levels.

You collected 126 gold pieces.

Inventory:

Hand Weapons
 a - a +0 war axe (weapon)
 j - a +0 sling
Missiles
 i - 3 boomerangs (quivered)
 k - 6 poisoned darts
Armour
 b - a +0 scale mail (worn)
 c - a +1 buckler (worn)
Scrolls
 e - a scroll of magic mapping
 h - a scroll of enchant weapon
 l - a scroll of vulnerability


   Skills:
 + Level 3.3 Fighting
 * Level 2.4 Axes
 + Level 2.7 Armour
 + Level 2.7 Shields
 + Level 0.4 Invocations


You had 2 spell levels left.
You didn't know any spells.
Your spell library contained the following spells:

 Spells                   Type           Power      Damage    Failure   Level
 Magic Dart               Conj           0%         1d3       86%         1
 Call Imp                 Summ           0%         N/A       95%         2
 Mephitic Cloud           Conj/Pois/Air  0%         N/A       99%         3


Dungeon Overview and Level Annotations

Branches:
Dungeon (3/15)

Altars:
Fedhas


Innate Abilities, Weirdness & Mutations

You are immune to poison.
Your flesh is cold resistant. (rC+)
You are immune to negative energy. (rN+++)
You are immune to unholy pain and torment.
You are vulnerable to heat. (rF-)
You are in touch with the powers of death.
You do not drink.
You have a special connection with the divine. (Faith)


Message History

The orc hits you with a +0 flail. Something hits you.
The orc priest invokes the aid of Beogh against you.
Beogh smites you!
You climb upwards.
Reactivating autopickup.
There is a stone staircase leading down here.
You take 13 damage, and have 16/29 hp.
MASSIVE DAMAGE!!
You closely miss the orc. You closely miss something.
The orc hits you but does no damage. Something hits you.
Deactivating autopickup; reactivate with Ctrl-A.
You take 2 damage, and have 14/29 hp.
You barely miss the orc. You closely miss something.
The orc hits you with a +0 flail. Something hits you.
* * * LOW HITPOINT WARNING * * *
You block the orc's attack. Something hits you but does no damage.
You take 8 damage, and have 6/29 hp.
MASSIVE DAMAGE!!
You slash the orc!
You kill the orc!
Fedhas appreciates your contribution to the ecosystem.
You miss something. Something hits you but does no damage.
You can't drink.
Unknown command.
Okay, then.
You miss something. Something hits you but does no damage. Something hits you.
* * * LOW HITPOINT WARNING * * *
You take 4 damage, and have 3/29 hp.
Okay, then.
You slash something!
You hear some strange, mumbled words.
A puff of flame appears from out of thin air!
You block the puff of flame.
You barely miss something.
You hear some strange, mumbled words.
A puff of flame appears from out of thin air!
You block the puff of flame.
You hear some strange, mumbled words.
A magic dart appears from out of thin air!
The magic dart hits you!
You die...
Fedhas appreciates your contribution to the ecosystem.

....# #.####.### #.#
###.# #.##.....# #.#
###.########.##.###.# #.#
.......#........# #.# #.#
###.##)......##.###†# #.#
#.##.#.######.....# #.#
#.#.#..# ####### #.#
#..###.###############.#
####.#........{@).......#
#.......#################
#.####### #.# ##.# ...#
####


There were no monsters in sight!

Vanquished Creatures
  An adder (D:2)
  A worm (D:2)
  A dart slug (D:1)
  An orc (D:2)
  An endoplasm (D:1)
  A giant cockroach (D:2)
  7 goblins
  7 hobgoblins
  5 kobolds
  A quokka (D:1)
  2 ball pythons (D:1)
  8 bats
  5 rats
41 creatures vanquished.

Notes
Turn   | Place    | Note
-------+----------+-------------------------------------------
     0 | D:1      | jasper the Mummy Fighter began the quest for the Orb.
     0 | D:1      | Reached XP level 1. HP: 18/18 MP: 1/1
   220 | D:1      | Reached XP level 2. HP: 24/24 MP: 2/2
   729 | D:2      | Found a blossoming altar of Fedhas.
   738 | D:2      | Became a worshipper of Fedhas Madash
   845 | D:2      | Gained mutation: You are in touch with the powers of death.
                  | [Mummy growth]
   845 | D:2      | Reached XP level 3. HP: 20/29 MP: 3/3
  1375 | D:2      | Reached * piety under Fedhas
  1557 | D:2      | Killed from afar by an orc wizard

Illustrated notes

Levels and vault maps discovered:
D:1:      shiori_arrival_oz, layout_basic
D:2:      layout_loops_ring, basic_altar
D:3:      layout_loops_corners, bloody_makhleb

Skill      XL: |  1  2 |
---------------+-------+-----
Axes           | 2 |  2.4
Fighting       | |  3.3
Armour         | |  2.7
Shields        | |  2.7
Invocations    | |  0.4

Action                     || total
---------------------------++-------
  Melee: War axe           ||    95
  Throw: Boomerang         ||     8
    Use: Scroll            ||     5
 Armour: Scale mail        ||    65
  Dodge: Dodged            ||    41
  Block: Buckler           ||    20

Table legend: (Time is in decaauts)
 A = Elapsed time spent in this place.
 B = Non-inter-level travel time spent in this place.
 C = Inter-level travel time spent in this place.
 D = Time resting spent in this place.
 E = Time spent auto-exploring this place.
 F = Levels seen in this place.
 G = Mean time per level.
                   A        B        C        D        E       F      G
               +--------+--------+--------+--------+--------+-----+--------+
         Total |   1615 |   1453 |    162 |     11 |   1041 |   3 |  538.3 |
       Dungeon |   1615 |   1453 |    162 |     11 |   1041 |   3 |  538.3 |
               +--------+--------+--------+--------+--------+-----+--------+

Top non-repeatable levels by time:
     D:2: 867 daAuts
     D:1: 742 daAuts
     D:3: 5 daAuts
